 Dungeon Crawl Stone Soup version 0.19.4-10-g532645f (webtiles) character file.

88 empire the Slasher (level 4, -2/36 HPs)
             Began as a Draconian Warper on Feb 23, 2017.
             Slain by an adder (3 damage)
             ... on level 3 of the Dungeon.
             The game lasted 00:05:43 (3099 turns).

empire the Slasher (Draconian Warper)               Turns: 3099, Time: 00:05:44

Health: -2/36      AC:  5    Str: 16 (19) XL:     4   Next: 30%
Magic:  7/7        EV: 12    Int: 11 (13) God:
Gold:   104        SH:  0    Dex: 10 (11) Spells: 2 memorised, 3 levels left

rFire  . . .     SeeInvis .     a - +0 falchion
rCold  . . .     Gourm    .     (armour unavailable)
rNeg   . . .     Faith    .     (no shield)
rPois  .         Spirit   .     (helmet restricted)
rElec  .         Reflect  .     (no cloak)
rCorr  +         Harm     .     (no gloves)
MR     .....                    (no boots)
Stlth  +.........               (no amulet)
                                (no ring)
                                i - ring of resist corrosion

@: mighty, lethally poisoned (-2 -> -4), very slightly contaminated, hasted
(expiring), very quick
A: unfitting armour, cold-blooded, AC +5
a: no special abilities


You were on level 3 of the Dungeon.
You were not hungry.

You visited 1 branch of the dungeon, and saw 3 of its levels.

You collected 104 gold pieces.

Inventory:

Hand Weapons
 a - a +0 falchion (weapon)
Missiles
 d - 5 tomahawks of dispersal (quivered)
Jewellery
 i - a ring of resist corrosion (left hand)
Wands
 o - a wand of random effects (32/48)
Scrolls
 c - a scroll of blinking
 k - 2 scrolls of identify
 n - a scroll of fear {unknown}
 p - a scroll of enchant weapon {unknown}
Potions
 e - a potion of flight
Books
 b - a book of Spatial Translocations

   Spells                             Type                      Level
   a - Blink                          Translocation                2
   b - Shroud of Golubria             Charms/Translocation         2
   c - Lesser Beckoning               Translocation                3
   d - Portal Projectile              Translocation                3
   e - Teleport Other                 Translocation                3
   f - Passage of Golubria            Translocation                4
Comestibles
 f - 2 bread rations
 h - 2 meat rations


   Skills:
 - Level 2.1 Fighting
 - Level 4.0 Long Blades
 - Level 0.8 Throwing
 - Level 2.1 Dodging
 - Level 2.0 Spellcasting
 + Level 3.4 Translocations
 + Level 1.2 Evocations


You had 3 spell levels left.
You knew the following spells:

 Your Spells              Type           Power        Failure   Level  Hunger
a - Blink                 Tloc           N/A          14%         2    ###....
b - Shroud of Golubria    Chrm/Tloc      #.........   24%         2    ###....


Dungeon Overview and Level Annotations

Branches:
Dungeon (3/15)

Altars:
Kikubaaqudgha

Annotations:
D:2 Terence


Innate Abilities, Weirdness & Mutations

Your plain brown scales are hard. (AC +5)
You cannot fit into any form of body armour.
You are cold-blooded and may be slowed by cold attacks.


Message History

* * * LOW HITPOINT WARNING * * *
You are lethally poisoned!
The adder poisons you!
You miss the adder.
The adder is severely wounded.
* * * LOW HITPOINT WARNING * * *
You feel sick.
It was a potion of degeneration.
There was something very wrong with that liquid.
You feel weakened.
You feel dopey.
You feel clumsy.
Your extra speed is starting to run out.
The adder closely misses you.
You riposte.
You barely miss the adder.
The adder is severely wounded.
You barely miss the adder.
The adder is severely wounded.
The adder bites you but does no damage.
You closely miss the adder.
The adder is severely wounded.
The adder bites you.
You die...

##.## #...# #..!# . ####.
#...# .. ... ...... #...#
... #...
.......####...#.... #...
...........#........ #...
.........S.#....###...$#...
..........@.(...###....#...
..........%......#.... #...
..............(.#...###...
................#.........
####...................##
#...................#
#..########.........#
#..#§=§.##.....#....#
##.#§§§§...⌠..>.....#


You could see an adder.

Vanquished Creatures
  A crimson imp (D:3)
  An adder (D:2)
  2 worms (D:2)
  A dart slug (D:1)
  5 giant cockroaches
  2 goblins
  6 hobgoblins
  4 jackals (D:2)
  5 kobolds
  2 quokkas
  2 bats
  5 rats
36 creatures vanquished.

Notes
Turn   | Place    | Note
-------+----------+-------------------------------------------
     0 | D:1      | empire the Draconian Warper began the quest for the Orb.
     0 | D:1      | Reached XP level 1. HP: 17/17 MP: 3/3
   634 | D:1      | Reached XP level 2. HP: 24/24 MP: 5/5
   709 | D:1      | Learned a level 2 spell: Blink
   712 | D:1      | Learned a level 2 spell: Shroud of Golubria
   965 | D:1      | Reached skill level 3 in Long Blades
  1712 | D:2      | Reached XP level 3. HP: 10/29 MP: 6/6
  2209 | D:2      | Noticed Terence
  2819 | D:2      | Reached skill level 4 in Long Blades
  3039 | D:3      | Found an ancient bone altar of Kikubaaqudgha.
  3063 | D:3      | Reached skill level 1 in Evocations
  3063 | D:3      | Reached XP level 4. HP: 7/36 MP: 7/7
  3095 | D:3      | HP: 1/36 [adder (2)]
  3099 | D:3      | Slain by an adder

Skill      XL: |  1  2  3 |
---------------+----------+-----
Long Blades    | 3 4 |  4.0
Evocations     | 1 |  1.2
Fighting       | |  2.1
Throwing       | |  0.8
Dodging        | |  2.1
Spellcasting   | |  2.0
Translocations | |  3.4

Action                   |  1- 3 |  4- 6 || total
-------------------------+-------+-------++-------
Melee: Falchion          |   198 |     7 ||   205
       Tailslap          |    22 |       ||    22
 Cast: Blink             |     6 |       ||     6
  Use: Potion            |     5 |     1 ||     6
       Scroll            |     3 |       ||     3
 Stab: Sleeping          |       |     1 ||     1
  Eat: Chunk             |     5 |       ||     5
       Meat ration       |     1 |       ||     1
Armor: Skin              |    53 |     1 ||    54
Dodge: Dodged            |   108 |     5 ||   113
       Rpst.: Falchion   |    27 |     1 ||    28
